 Dungeon Crawl Stone Soup version 0.27-a0-1139-g28e009f8a6 (webtiles) character file.

Game seed: 2853150904869367393

30 jestyr24 the Magician (level 3, 0/25 HPs)
             Began as a Djinni Summoner on May 7, 2021.
             Shot with a stone by a goblin (1 damage)
             ... on level 2 of the Dungeon on May 8, 2021.
             The game lasted 00:08:30 (2542 turns).

jestyr24 the Magician (Djinni Summoner)             Turns: 2542, Time: 00:08:30

Health: 0/25       AC:  2    Str:  7    XL:     3   Next: 20%
Gold:   46         EV: 12    Int: 17    God:
                   SH:  0    Dex: 13

rFire    + + .     SeeInvis .   m - +2 long sword (protect)
rCold    x . .     Faith    .   (no shield)
rNeg     . . .     Spirit   .   a - +0 robe
rPois    ∞         Reflect  .   (no helmet)
rElec    .         Harm     .   (no cloak)
rCorr    .         Rampage  .   (no gloves)
Will     .....                  (boots unavailable)
Stlth    ++........             (no amulet)
HPRegen  0.08/turn              (no ring)
MPRegen  0.00/turn              (no ring)

@: flying
A: sickness immunity, fire resistance 2, cold vulnerability 1, float, innate
caster, hp casting, extra vitality 1
a: no special abilities


You were on level 2 of the Dungeon.
You visited 1 branch of the dungeon, and saw 2 of its levels.

You collected 46 gold pieces.

Inventory:

Hand Weapons
 f - a +0 dagger
 m - a +2 long sword of protection (weapon)
Armour
 a - a +0 robe (worn)
Scrolls
 c - a scroll of blinking {unknown}
 d - a scroll of fog {unknown}
 e - a scroll of identify {unknown}
 k - a scroll of enchant armour {unknown}
 l - a scroll of noise {unknown}
Potions
 b - 2 potions of curing {unknown}
 g - a potion of heal wounds {unknown}
 h - a potion of berserk rage {unknown}
 i - 2 potions of attraction {unknown}
 j - a potion of degeneration {unknown}


   Skills:
 + Level 0.1 Long Blades
 + Level 2.3 Dodging
 + Level 1.8 Stealth
 + Level 4.2 Spellcasting


You couldn't memorise any spells.
You knew the following spells:

 Your Spells              Type           Power      Damage    Failure   Level
a - Call Imp              Summ           18%        N/A       4%          2
b - Summon Small Mammal   Summ           72%        N/A       2%          1
c - Call Canine Familiar  Summ           18%        N/A       9%          3
d - Summon Guardian Gole  Hex/Summ       18%        N/A       9%          3
e - Summon Lightning Spi  Summ/Air       18%        N/A       26%         4
f - Summon Ice Beast      Ice/Summ       18%        N/A       26%         4
g - Apportation           Tloc           36%        N/A       2%          1
Your spell library was empty.

Dungeon Overview and Level Annotations

Branches:
Dungeon (2/15)

Altars:


Innate Abilities, Weirdness & Mutations

You are immune to sickness and miasma.
You are immune to poison.
Your flesh is very heat resistant. (rF++)
You are vulnerable to cold. (rC-)
You float through the air rather than walking.
You learn spells naturally, not from books.
Your magical power is your life essence.
You have superior vitality. (+4 HP)


Message History

The goblin shoots a stone.
The stone hits your crimson imp. The stone freezes your crimson imp.
The goblin shoots a stone.
The stone hits your crimson imp but does no damage.
The goblin unwields a +0 hunting sling of freezing.
The goblin wields a +0 club.
The goblin closely misses your crimson imp.
A worm comes into view.
What are your orders? t - Shout!
Orders for allies: a - Attack new target. r - Retreat! s - Stop attacking. g - Guard the area. f - Follow me.
Anything else - Cancel.
Gang up on whom?
Press: ? - help, Dir - move target, f - goblin
Aim: a goblin, wielding a +0 club and quivering stones Attack!
Your crimson imp blinks! x2
The goblin unwields a +0 club.
The goblin wields a +0 hunting sling of freezing.
It is covered in frost.
The goblin shoots a stone.
The stone misses you.
Your crimson imp blinks!
Your crimson imp blinks!
The goblin shoots a stone.
The stone hits you but does no damage.
The goblin shoots a stone.
The stone closely misses you.
The goblin shoots a stone.
The stone barely misses you.
Your crimson imp hits the goblin.
The goblin shoots a stone.
The stone barely misses you.
The goblin shoots a stone.
The stone hits you. The stone freezes you.
As you open the door, it creaks loudly!
There is an open door here.
The goblin shoots a stone.
The stone hits you. The stone freezes you.
* * * LOW HITPOINT WARNING * * *
Found 25 stones.
There is a stone staircase leading up here.
The goblin shoots a stone.
The stone hits you.
* * * LOW HITPOINT WARNING * * *
The stone freezes you.
You die...

.......# #.#...# #....#..# #..
.......# #.#...# #....#..# #..
......## #.#...#####.(..#..####..
#.....####.#...#...+....+.....'..
'.....'.##.#.......#...g#..####..
#.....#.##.#.......#.......#.....
......#+##'#...............#...##
.####......................#...
.##..........#..@..........#...
.##.##.......#.............#...
.##.##.......#.....#.........#.
.##.##.......#.....#...##..###..#
.....'.......###+###...# ........
######.......# ##+## +#####+# #
#.......# ### ######### ..
'.########### ...


You could see a goblin.

Vanquished Creatures
  A worm (D:2)
  An endoplasm (D:2)
  A hobgoblin (D:1)
  A ball python (D:1)
4 creatures vanquished.

Vanquished Creatures (collateral kills)
  2 adders (D:2)
  A bat (D:2)
  2 endoplasms
  2 giant cockroaches (D:2)
  2 goblins (D:1)
  A hobgoblin (D:2)
  3 ball pythons (D:1)
  3 frilled lizards (D:1)
  A kobold (D:1)
  3 rats
20 creatures vanquished.

Grand Total: 24 creatures vanquished

Notes
Turn   | Place    | Note
-------+----------+-------------------------------------------
     0 | D:1      | jestyr24 the Djinni Summoner began the quest for the Orb.
     0 | D:1      | Reached XP level 1. HP: 15/15 MP: 0/0
    69 | D:1      | Found a faded altar of an unknown god.
   539 | D:1      | Reached XP level 2. HP: 8/21 MP: 0/0
  1866 | D:2      | Reached skill level 4 in Spellcasting
  2126 | D:2      | Reached XP level 3. HP: 18/25 MP: 0/0
  2126 | D:2      | Learned a level 1 spell: Apportation
  2542 | D:2      | HP: 1/25 [goblin/stone (4)]
  2542 | D:2      | Shot with a stone by a goblin

Illustrated notes

Levels and vault maps discovered:
D:1:      amcnicky_arrival_underground_garden, layout_basic,
          basic_ecumenical_altar
D:2:      layout_basic, basic_altar

Skill      XL: |  1  2 |
---------------+-------+-----
Spellcasting   | 4 |  4.2
Long Blades    | |  0.1
Dodging        | |  2.3
Stealth        | |  1.8

Action                   || total
-------------------------++-------
Melee: Unarmed           ||    10
       Dagger            ||    21
       Long sword        ||     3
 Cast: Summon Small Mamm ||    13
       Call Imp          ||    18
 Stab: Distracted        ||     1
Armor: Robe              ||     9
Dodge: Dodged            ||    34

Table legend: (Time is in decaauts)
 A = Elapsed time spent in this place.
 B = Non-inter-level travel time spent in this place.
 C = Inter-level travel time spent in this place.
 D = Time resting spent in this place.
 E = Time spent auto-exploring this place.
 F = Levels seen in this place.
 G = Mean time per level.
                   A        B        C        D        E       F      G
               +--------+--------+--------+--------+--------+-----+--------+
         Total |   2542 |   2452 |     90 |    674 |   1410 |   2 | 1271.0 |
       Dungeon |   2542 |   2452 |     90 |    674 |   1410 |   2 | 1271.0 |
               +--------+--------+--------+--------+--------+-----+--------+

Top non-repeatable levels by time:
     D:1: 1568 daAuts
     D:2: 973 daAuts
